 Dungeon Crawl Stone Soup version 0.30-a0-939-gc8157cb160 (webtiles) character file.

Game seed: 456370798147264861

8733 Jeffwins the Skirmisher (level 11, 0/75 HPs)
             Began as a Human Wanderer on Mar 26, 2023.
             Was a Follower of Vehumet.
             Killed from afar by a swamp worm (7 damage)
             ... with a harpoon shot
             ... in a Gauntlet.
             The game lasted 00:26:52 (11634 turns).

Jeffwins the Skirmisher (Human Wanderer)           Turns: 11634, Time: 00:26:53

Health: 0/75       AC:  9    Str: 13    XL:     11   Next: 61%
Magic:  8/16       EV: 10    Int: 14    God:    Vehumet [*.....]
Gold:   324        SH:  0    Dex: 23    Spells: 5/15 levels left

rFire   + . .      SeeInvis +    (no weapon)
rCold   . . .      Faith    .    (no shield)
rNeg    . . .      Spirit   .    C - +0 troll leather armour
rPois   .          Reflect  .    w - +0 helmet
rElec   .          Rampage  .    (no cloak)
rCorr   .          NoTele   +    i - +0 pair of gloves
Will    .....                    A - +2 pair of boots {Fly}
Stlth   ++++                     (no amulet)
HPRegen 1.12/turn                v - ring of see invisible
MPRegen 0.15/turn                X - +6 ring of dexterity

@: lethally poisoned (0 -> -1), flying, very slightly contaminated
A: fire resistance 1, high MP 1, strong 1
a: Renounce Religion


You were in a Gauntlet.
You worshipped Vehumet.
Vehumet was aware of your devotion.
You visited 2 branches of the dungeon, and saw 12 of its levels.
You also visited: Gauntlet.

You collected 549 gold pieces.
You spent 225 gold pieces at shops.


Innate Abilities, Weirdness & Mutations

Your flesh is heat resistant. (rF+)
You have an increased reservoir of magic. (+10% MP)
Your muscles are strong. (Str +4, Int/Dex -1)


   Skills:
 - Level 3.0 Fighting
 - Level 2.0 Short Blades
 * Level 10.6 Ranged Weapons
 - Level 8.0 Throwing
 + Level 8.9 Stealth
 + Level 2.9 Spellcasting
 * Level 3.4 Conjurations
 * Level 3.8 Necromancy
 * Level 1.2 Fire Magic
 + Level 3.1 Air Magic
 + Level 3.2 Poison Magic
 - Level 1.0 Invocations


You had 5 spell levels left.
You knew the following spells:

 Your Spells              Type           Power      Damage    Failure   Level
m - Mephitic Cloud        Conj/Pois/Air  11%        N/A       22%         3
n - Dispel Undead         Necr           12%        3d9       50%         4
z - Poisonous Vapours     Pois/Air       22%        N/A       11%         2
X - Foxfire               Conj/Fire      32%        2x1d5     11%         1

Your spell library contained the following spells:

 Spells                   Type           Power      Damage    Failure   Level
 Searing Ray              Conj           22%        2d5       11%         2
 Kiss of Death            Conj/Necr      48%        2d9       6%          1
 Necrotise                Necr           48%        1d6       6%          1
 Cigotuvi's Dreadful Rot  Necr/Pois/Air  22%        N/A       11%         2
 Vampiric Draining        Necr           12%        2d6       17%         3
 Confusing Touch          Hex            2%         N/A       63%         3
 Agony                    Necr           12%        N/A       85%         5
 Fireball                 Conj/Fire      4%         3d4       96%         5
 Starburst                Conj/Fire      4%         6d3       100%        6

Inventory:

Hand Weapons
 a - a +2 sling of flaming
 x - a +2 dagger
Missiles
 k - 42 poisoned darts
 q - 8 curare-tipped darts {=f}
Armour
 i - a +0 pair of gloves (worn)
 o - the +0 leather armour of Ugoff {Rampage Fly Will++ Str-3}
   (You found it on level 2 of the Dungeon)

   Str:       It affects your strength (-3).
   Fly:       It grants you flight.
   Rampage:   It bestows one free step when moving towards enemies.
   Will:      It greatly increases your willpower.
 w - a +0 helmet (worn)
 A - a +2 pair of boots of flying (worn)
 C - a +0 troll leather armour (worn)
Magical Staves
 l - a staff of fire
Jewellery
 v - a ring of see invisible (left hand)
 F - a ring of protection from fire
 S - a +6 ring of strength
 X - a +6 ring of dexterity (right hand)
Wands
 b - a wand of charming (3)
 d - a wand of flame (15)
 u - a wand of polymorph (11)
Scrolls
 c - 2 scrolls of enchant weapon
 e - 4 scrolls of fog
 j - 2 scrolls of amnesia
 m - a scroll of immolation {!r}
 p - 4 scrolls of teleportation {@r4}
 r - 2 scrolls of butterflies
 t - 5 scrolls of poison {!r}
 y - 2 scrolls of magic mapping {unknown}
Potions
 g - 2 potions of brilliance {unknown}
 n - a potion of curing {@q1}
 s - 2 potions of magic
 z - 2 potions of mutation {!q}
 B - a potion of ambrosia {unknown}
 D - 2 potions of berserk rage {!q}

Dungeon Overview and Level Annotations

Branches:
Dungeon (11/15)            Temple (1/1) D:7            Lair (0/5) D:10
Gauntlet (1/1)
    Orc: D:9-12

Altars:
Ashenzari
Cheibriados
Dithmenos
Elyvilon
Fedhas
Gozag
Hepliaklqana
Kikubaaqudgha
Makhleb
Nemelex Xobeh
Okawaru
Qazlal
Ru
Sif Muna
Trog
Uskayaw
Vehumet
Wu Jian
Xom
Yredelemnul
Zin
The Shining One

Shops:
D:6 *   D:8 *

Annotations:
Gauntlet 17 transporters

▒▒▒▒▒▒▒▒▒▒▒▒▒▒▒▒▒▒▒▒▒▒▒▒▒▒▒▒▒▒▒▒▒
......©▒≈§≈≈8§≈§§▒©...........©..
▒▒▒▒▒▒▒▒▒▒▒▒▒▒▒▒▒▒▒▒▒▒▒▒▒.▒▒
§▒©.........©.........©▒≈≈8≈≈▒.▒.
▒▒▒▒▒▒▒▒▒▒▒▒▒▒▒▒▒▒▒▒▒▒▒▒▒▒▒▒▒▒.▒.
.....▒.▒=.≈.©..§§▒.▒.........▒.▒.
.....▒.▒.≈...≈.§§▒.▒.....b...▒.▒.
.....▒.▒.≈≈...≈w.▒.▒..#...#..▒.▒.
.....▒.▒.≈.§≈≈.§@▒.▒b.......?▒.▒.
©....▒.▒≈..≈©≈.≈≈▒.▒t...©.b.©▒©▒.
.....▒.▒≈.§...≈.w▒.▒b........▒▒▒.
....5▒.▒.§.§≈.§≈.▒.▒b.#...#.=▒...
...55▒.▒.≈.§§..§§▒.▒.........▒...
...54▒.▒.§§≈§.§§.▒.▒.........▒..▒
▒▒▒▒▒▒.▒▒▒▒▒▒▒▒▒▒▒.▒▒▒▒▒▒▒▒▒▒▒..▒
............©...................▒
...............................≈▒


You could see a fire crab, a swamp worm (ally target), 3 fire bats and a
friendly swamp worm (charmed).


Message History

Unknown command.
Casting: Mephitic Cloud (dangerous; 22% risk of failure)
Confirm with . or Enter, or press ? or * to list all spells.
Aiming: Mephitic Cloud (dangerous; 22% risk of failure)
Press: ? - help, Shift-Dir - straight line, f/p - swamp worm
Aim: a swamp worm (chance to affect: 53%)
You miscast Mephitic Cloud.
You are very lightly contaminated with residual magic.
You feel rather nauseous for a moment!
You are poisoned.
* * * LOW HITPOINT WARNING * * *
You feel sick.
Unknown command.
Okay, then.
Okay, then.
Aiming: Charm
Press: ? - help, Shift-Dir - straight line, f/p - swamp worm
Aim: a swamp worm (chance to affect: 57%)
The swamp worm is charmed.
You feel sick.
Unknown command.
Unknown command.
Unknown command.
Aiming: Charm
Press: ? - help, Shift-Dir - straight line, f - swamp worm, p - swamp worm
Aim: a swamp worm (chance to affect: 57%)
The swamp worm resists with significant effort.
You feel sick.
The swamp worm fires a harpoon shot at you.
The harpoon shot hits you!
You die...

Skill      XL: |  1  2  3  4  5  6  7  8  9 10 11 |
---------------+----------------------------------+-----
Ranged Weapons | 1 2 4 6 8 10 | 10.6
Short Blades   | 2 |  2.0
Throwing       | 3 4 5 6 8 |  8.0
Stealth        | 4 5 7 8 |  8.9
Spellcasting   | 1 2 |  2.9
Conjurations   | 2 3 |  3.4
Air Magic      | 2 3 |  3.1
Poison Magic   | 2 3 |  3.2
Necromancy     | 1 3 |  3.8
Fire Magic     | 1 |  1.2
Fighting       | |  3.0
Invocations    | |  1.0

Action                     |  1- 3 |  4- 6 |  7- 9 | 10-12 || total
---------------------------+-------+-------+-------+-------++-------
  Melee: Dagger            |    80 |       |       |       ||    80
         Punch             |     1 |       |       |       ||     1
         Sling             |       |    11 |       |       ||    11
   Fire: Sling             |     6 |   174 |   380 |   507 ||  1067
   Cast: Poisonous Vapours |       |       |       |     6 ||     6
         Mephitic Cloud    |       |       |       |     6 ||     6
         Dispel Undead     |       |       |       |     1 ||     1
         Foxfire           |       |       |       |     1 ||     1
  Evoke: Wand              |       |       |     5 |    10 ||    15
    Use: Potion            |       |     1 |     6 |     7 ||    14
         Scroll            |       |       |     9 |     8 ||    17
   Stab: Sleeping          |     4 |       |       |       ||     4
 Armour: Robe              |    18 |       |       |       ||    18
         Leather armour    |     3 |    17 |    82 |    45 ||   147
         Troll leather arm |       |       |       |    41 ||    41
  Dodge: Dodged            |    40 |    33 |   135 |   170 ||   378

Levels and vault maps discovered:
D:1:      amcnicky_arrival_feature_with_door, layout_loops_cross,
          basic_ecumenical_altar, serial_bayou, serial_bayou_lake_a,
          serial_bayou_shore_a, serial_bayou_pond_a, serial_bayou_pond_a
D:2:      layout_rooms, basic_altar
D:3:      layout_basic, okawaru_ov_weapons_minmay,
          mainiacjoe_overflow_six_doors_small
D:4:      layout_rooms, minmay_fire_ice_demons, uniq_blork_the_orc,
          uniq_sigmund, uniq_robin
D:5:      layout_loops_corners
D:6:      layout_cave_pools, chequers_temple_overflow_statue_of_worship,
          cheibrodos_ashenzari_chains, minivault_27,
          minmay_large_rounded_square, guppyfry_shop_venom, uniq_duvessa,
          uniq_eustachio
D:7:      layout_cave_pools, mainiacjoe_overflow_boulevard,
          minmay_temple_entry_junction, kennysheep_potato, uniq_pikel
D:8:      minmay_flawed_box, layout_basic, tso_altar, serial_shops,
          nicolae_take_the_stairs
D:9:      layout_loops_ring, mainiacjoe_overflow_chevrons,
          nicolae_concentric_dashed_squares_wild
D:10:     layout_long_grid, grunt_lair_entry_orc_guard_hut
D:11:     layout_loops_cross, minmay_orc_entry_temple_small,
          gauntlet_entry_generic
Temple:   oiseaux_autumnal_temple
Gauntlet: gammafunk_gauntlet_one_two_three [nicolae_gauntlet_arena_flowing_pool,
          gammafunk_gauntlet_arena_hedges, gammafunk_gauntlet_arena_open,
          gammafunk_gauntlet_arena_arrow_garden,
          nicolae_gauntlet_arena_quarters, gammafunk_gauntlet_arena_split_x,
          nicolae_gauntlet_arena_grate_2, gammafunk_gauntlet_arena_teeth,
          gammafunk_gauntlet_arena_chambers, gauntlet_exit_hidden_loot]

Notes
Turn   | Place    | Note
-------+----------+-------------------------------------------
     0 | D:1      | Jeffwins the Human Wanderer began the quest for the Orb.
     0 | D:1      | Jeffwins set off with the following items: a +2 dagger, a
                  | curare-tipped dart {=f}, a +0 short sword, a +0 pair of
                  | boots, a scroll of fog, a +0 robe.
     0 | D:1      | Reached XP level 1. HP: 18/18 MP: 1/1
    95 | D:1      | Reached XP level 2. HP: 24/24 MP: 2/2
   298 | D:1      | Found a faded altar of an unknown god.
   374 | D:1      | Reached skill level 1 in Ranged Weapons
   907 | D:2      | Reached XP level 3. HP: 28/29 MP: 3/3
   933 | D:2      | Found a bloodstained altar of Trog.
  1001 | D:2      | Identified the +0 leather armour of Ugoff {Rampage Fly
                  | Will++ Str-3}
  1156 | D:2      | Reached XP level 4. HP: 35/35 MP: 4/4
  1214 | D:2      | Reached skill level 2 in Short Blades
  1214 | D:2      | Reached skill level 2 in Ranged Weapons
  1218 | D:2      | HP: 5/52 [gnoll/+0 spear (5)]
  1222 | D:2      | Reached skill level 3 in Throwing
  1570 | D:2      | Reached XP level 5. HP: 21/41 MP: 5/5
  1916 | D:3      | Reached XP level 6. HP: 47/47 MP: 6/6
  1944 | D:3      | Reached skill level 3 in Ranged Weapons
  2103 | D:3      | Found an iron altar of Okawaru.
  2213 | D:3      | Found a shadowy altar of Dithmenos.
  2418 | D:4      | Reached skill level 4 in Stealth
  2513 | D:4      | Reached skill level 4 in Throwing
  2587 | D:4      | Noticed Sigmund
  2604 | D:4      | Killed Sigmund
  2605 | D:4      | Reached skill level 4 in Ranged Weapons
  2605 | D:4      | Reached XP level 7. HP: 20/52 MP: 7/7
  2738 | D:4      | Noticed Blork the orc
  2744 | D:4      | Killed Blork the orc
  2806 | D:4      | Noticed Robin
  2816 | D:4      | Killed Robin
  2817 | D:4      | Reached skill level 5 in Throwing
  3097 | D:4      | Reached XP level 8. HP: 39/58 MP: 8/8
  3276 | D:5      | Entered Level 5 of the Dungeon
  3284 | D:4      | Reached skill level 5 in Ranged Weapons
  3284 | D:4      | Reached skill level 5 in Stealth
  3763 | D:5      | Identified a potion of resistance
  3765 | D:5      | Gained mutation: Your muscles are strong. (Str +4, Int/Dex
                  | -1) [potion of mutation]
  3765 | D:5      | Gained mutation: Your flesh is heat resistant. (rF+)
                  | [potion of mutation]
  3765 | D:5      | Gained mutation: You have an increased reservoir of magic.
                  | (+10% MP) [potion of mutation]
  3777 | D:5      | Reached skill level 6 in Throwing
  4803 | D:6      | Reached skill level 6 in Ranged Weapons
  4831 | D:6      | Reached XP level 9. HP: 33/63 MP: 10/10
  4993 | D:6      | Noticed a cyclops
  5001 | D:6      | Killed a cyclops
  5002 | D:6      | Reached skill level 7 in Ranged Weapons
  5002 | D:6      | Reached skill level 7 in Throwing
  5002 | D:6      | Reached skill level 6 in Stealth
  5212 | D:6      | Found a shimmering altar of Xom.
  5213 | D:6      | Found an opulent altar of Gozag.
  5214 | D:6      | Found a snail-covered altar of Cheibriados.
  5222 | D:6      | Noticed Eustachio
  5315 | D:6      | Found Sawagg's Serpentskin Sales.
  5320 | D:6      | Bought 5 poisoned darts for 36 gold pieces
  5320 | D:6      | Bought a scroll of poison for 48 gold pieces
  5320 | D:6      | Bought a scroll of poison for 48 gold pieces
  5320 | D:6      | Bought 5 curare-tipped darts for 72 gold pieces
  5320 | D:6      | Bought 3 poisoned darts for 21 gold pieces
  5321 | D:6      | Found a broken altar of Ashenzari.
  5375 | D:6      | Killed Eustachio
  5436 | D:6      | Reached skill level 8 in Throwing
  5505 | D:6      | Noticed Dowan
  5506 | D:6      | Noticed Duvessa
  5535 | D:6      | Killed Duvessa
  5536 | D:6      | Reached skill level 8 in Ranged Weapons
  5544 | D:6      | Reached skill level 7 in Stealth
  5554 | D:6      | Killed Dowan
  5904 | D:7      | Reached XP level 10. HP: 70/70 MP: 11/11
  6610 | D:6      | Reached skill level 9 in Ranged Weapons
  6937 | D:7      | Learned a level 3 spell: Mephitic Cloud
  7007 | D:7      | Found an ancient bone altar of Kikubaaqudgha.
  7037 | D:7      | Reached skill level 8 in Stealth
  7190 | D:7      | Noticed Pikel
  7325 | D:7      | Found a staircase to the Ecumenical Temple.
  7345 | D:7      | Killed Pikel
  7346 | D:7      | Reached skill level 1 in Spellcasting
  7346 | D:7      | Reached skill level 1 in Conjurations
  7346 | D:7      | Reached skill level 1 in Air Magic
  7346 | D:7      | Reached skill level 1 in Poison Magic
  7359 | Temple   | Entered the Ecumenical Temple
  7646 | Temple   | Became a worshipper of Vehumet
  7682 | D:7      | Learned a level 2 spell: Poisonous Vapours
  8077 | D:8      | Found Kuyrhul's Assorted Antiques.
  8130 | D:8      | Found a glowing golden altar of the Shining One.
  8325 | D:8      | Learned a level 4 spell: Dispel Undead
  8379 | D:8      | Reached skill level 1 in Necromancy
  8382 | D:8      | HP: 6/70 [poisoned by a killer bee]
  8388 | D:8      | HP: 6/70 [killer bee (2)]
  8634 | D:8      | Reached skill level 10 in Ranged Weapons
  8634 | D:8      | Reached skill level 2 in Poison Magic
  8639 | D:8      | Reached * piety under Vehumet
  8639 | D:8      | Offered knowledge of Magic Dart by Vehumet.
  9330 | D:9      | Reached skill level 2 in Conjurations
  9330 | D:9      | Reached skill level 2 in Air Magic
  9480 | D:9      | Reached XP level 11. HP: 47/75 MP: 13/15
  9536 | D:9      | Reached skill level 2 in Spellcasting
  9536 | D:9      | Reached skill level 2 in Necromancy
  9829 | D:9      | Found a hide-covered altar of Uskayaw.
 10016 | D:10     | Entered Level 10 of the Dungeon
 10042 | D:10     | HP: 7/75 [wraith (6)]
 10099 | D:10     | Noticed a two-headed ogre
 10351 | D:10     | Reached skill level 3 in Necromancy
 10499 | D:10     | Reached skill level 3 in Conjurations
 10499 | D:10     | Reached skill level 3 in Poison Magic
 10501 | D:10     | Reached skill level 3 in Air Magic
 10545 | D:10     | Learned a level 1 spell: Foxfire
 10622 | D:10     | Offered knowledge of Searing Ray by Vehumet.
 10745 | D:10     | Killed a two-headed ogre
 10801 | D:10     | Found a staircase to the Lair.
 11045 | D:11     | Identified a scroll of acquirement
 11045 | D:11     | Acquired a +1 pair of boots of flying
 11076 | D:11     | Found a gate leading to a gauntlet.
 11079 | D:11     | Noticed a manticore
 11104 | D:11     | Killed a manticore
 11105 | D:11     | Reached skill level 1 in Fire Magic
 11116 | Gauntlet | Entered a Gauntlet
 11116 | Gauntlet | Found a transporter.
 11200 | Gauntlet | Noticed a fire crab
 11209 | Gauntlet | Found a transporter.
 11224 | Gauntlet | Found a transporter.
 11229 | Gauntlet | Found a transporter.
 11229 | Gauntlet | Noticed an elephant
 11232 | Gauntlet | Noticed a dire elephant
 11243 | Gauntlet | Noticed an elephant
 11248 | Gauntlet | Found a transporter.
 11259 | Gauntlet | Noticed a necromancer
 11263 | Gauntlet | Found a transporter.
 11266 | Gauntlet | Noticed a death yak
 11267 | Gauntlet | Noticed a death yak
 11267 | Gauntlet | Noticed a death yak
 11268 | Gauntlet | Noticed a death yak
 11275 | Gauntlet | Found a transporter.
 11283 | Gauntlet | Found a transporter.
 11283 | Gauntlet | Found a transporter.
 11300 | Gauntlet | Found a transporter.
 11312 | Gauntlet | Found a transporter.
 11318 | Gauntlet | Found a transporter.
 11318 | Gauntlet | Found a transporter.
 11333 | Gauntlet | Found a transporter.
 11339 | Gauntlet | Found a transporter.
 11378 | Gauntlet | Found a transporter.
 11403 | Gauntlet | Found a transporter.
 11405 | Gauntlet | Found a transporter.
 11632 | Gauntlet | HP: 6/75 [something (7)]
 11634 | Gauntlet | Killed from afar by a swamp worm

Vanquished Creatures
  A two-headed ogre (D:10)
  Pikel (D:7)
  A cyclops (D:6)
  A manticore (D:11)
  2 trolls (D:9)
  Sigmund (D:4)
  A human (D:6)
  A wraith (D:10)
  4 wyverns
  Eustachio (D:6)
  4 yaks (D:10)
  Duvessa (D:6)
  A swamp worm (Gauntlet)
  3 water moccasins
  2 orc warriors
  3 sky beasts
  An ice beast (D:6)
  4 ogres
  7 centaurs
  2 phantoms
  A lemure (D:7)
  3 kobold brigands
  2 scorpions
  4 bullfrogs
  Blork the orc (D:4)
  A gnoll sergeant (D:6)
  4 wights
  Dowan (D:6)
  9 killer bees
  2 howler monkeys (D:9)
  A crimson imp (D:4)
  A jelly (D:6)
  3 hounds
  4 orc priests
  A gnoll bouda (D:7)
  A sleepcap (D:4)
  3 iguanas
  16 orc wizards
  Robin (D:4)
  7 adders
  23 gnolls
  A shadow imp (D:6)
  2 white imps
  2 worms
  3 dart slugs
  39 orcs
  3 endoplasms
  5 giant cockroaches
  16 goblins
  12 hobgoblins
  3 jackals (D:4)
  19 kobolds
  2 quokkas
  5 ball pythons
  2 bats
  4 frilled lizards
  A rat (D:1)
250 creatures vanquished.

Vanquished Creatures (collateral kills)
  A foxfire (D:10)
1 creature vanquished.

Vanquished Creatures (others)
  A foxfire (D:10)
  26 fungi
  57 plants
84 creatures vanquished.

Grand Total: 335 creatures vanquished

Table legend: (Time is in decaauts)
 A = Elapsed time spent in this place.
 B = Non-inter-level travel time spent in this place.
 C = Inter-level travel time spent in this place.
 D = Time resting spent in this place.
 E = Time spent auto-exploring this place.
 F = Levels seen in this place.
 G = Mean time per level.
                   A        B        C        D        E       F      G
               +--------+--------+--------+--------+--------+-----+--------+
         Total |  11841 |  11470 |    371 |   1421 |   7742 |  13 |  910.8 |
       Dungeon |  11005 |  10684 |    321 |   1421 |   7113 |  11 | 1000.5 |
        Temple |    318 |    268 |     50 |      0 |    255 |   1 |  318.0 |
      Gauntlet |    517 |    517 |      0 |      0 |    374 |   1 |  517.0 |
               +--------+--------+--------+--------+--------+-----+--------+

Top non-repeatable levels by time:
     D:6: 2007 daAuts
     D:5: 1344 daAuts
     D:8: 1244 daAuts
     D:4: 1076 daAuts
    D:10: 1009 daAuts
     D:7: 962 daAuts
     D:1: 953 daAuts
     D:3: 832 daAuts
     D:2: 738 daAuts
     D:9: 732 daAuts
Gauntlet: 517 daAuts
  Temple: 318 daAuts
    D:11: 105 daAuts

Table legend:
 A = Non-vault XP
 B = Vault XP
 C = Vault XP percentage of total XP
 D = Non-vault monster count
 E = Vault monster count
 F = Vault count percentage of total count
                 A         B        C        D         E       F
            +---------+---------+-------+---------+---------+-------
      Total |    9985 |    2492 |  20.0 |     212 |      37 |  14.9
            +---------+---------+-------+---------+---------+-------
        D:1 |      27 |       0 |   0.0 |      15 |       0 |   0.0
        D:2 |     119 |       0 |   0.0 |      24 |       0 |   0.0
        D:3 |     158 |       0 |   0.0 |      28 |       0 |   0.0
        D:4 |     412 |     409 |  49.8 |      17 |      17 |  50.0
        D:5 |     568 |       0 |   0.0 |      25 |       0 |   0.0
        D:6 |    2293 |     575 |  20.0 |      31 |       5 |  13.9
        D:7 |     882 |     728 |  45.2 |      26 |       3 |  10.3
        D:8 |    1017 |     247 |  19.5 |      19 |       7 |  26.9
        D:9 |    1528 |       0 |   0.0 |      12 |       0 |   0.0
       D:10 |    2471 |     385 |  13.5 |      14 |       4 |  22.2
       D:11 |     510 |       0 |   0.0 |       1 |       0 |   0.0
   Gauntlet |       0 |     148 | 100.0 |       0 |       1 | 100.0
            +---------+---------+-------+---------+---------+-------
